Map: Rifts to Korhal

Players

Dimonshik

  • Race: Terran Terran
  • Spawn Location: 7:00

NamroodTuo

  • Race: Terran Terran

VOD

Have the link to the VOD?

Description

Time

  • Played on: April 15, 2023, 10:25 a.m.
  • Length: 21:43
Show
View Real Time Build Order
Export as new Build Order

Dimonshik Terran 

Build Orders:  

Get SALT Encoding   

  12  0:03  SCV  
  13  0:20  SCV  
  14  0:32  Refinery  
  14  0:37  SCV  
  15  0:50  Supply Depot  
  15  0:54  SCV  
  16  1:04  Refinery  
  16  1:11  SCV  
  17  1:28  SCV  
  18  1:38  Barracks  
  18  1:45  SCV  
  19  2:02  SCV  
  20  2:18  SCV  
  20  2:19  Barracks Tech Lab  
  21  2:24  Factory  
  21  2:35  SCV  
  21  2:39  Supply Depot  
  22  2:51  Medic  
  22  2:52  SCV  
  25  3:00  Stabilizer Medpacks  
  25  3:01  Medic  
  25  3:09  SCV  
  28  3:16  Marine  
  29  3:26  Marine  
  30  3:37  SCV  
  31  3:49  Marine, Supply Depot  
  31  3:55  SCV  
  33  4:00  Marine  
  34  4:10  Marine  
  34  4:12  SCV  
  36  4:20  Marine  
  36  4:21  Starport  
  36  4:29  SCV  
  38  4:46  SCV  
  39  5:03  Supply Depot  
  39  5:06  SCV  
  40  5:23  SCV  
  41  5:32  Command Center  
  41  5:39  Refinery  
  41  5:40  SCV  
  41  5:48  Fusion Core  
  42  5:52  Starport Tech Lab  
  42  5:57  SCV  
  43  6:11  Starport  
  43  6:14  SCV  
  44  6:31  SCV  
  44  6:36  Refinery  
  45  6:48  SCV  
  46  7:05  SCV  
  47  7:21  Supply Depot  
  47  7:22  SCV  
  47  7:23  Supply Depot  
  47  7:25  Supply Depot  
  48  7:32  Supply Depot  
  48  7:33  Weapon Refit  
  48  7:36  Starport Tech Lab  
  48  7:42  Armory  
  48  7:54  Armory, SCV  
  49  8:11  SCV  
  45  8:28  SCV  
  46  8:45  SCV  
  46  9:02  SCV  
  47  9:12  Battlecruiser  
  47  9:13  Battlecruiser  
  59  9:31  SCV  
  59  9:37  SCV  
  61  9:48  SCV  
  62  9:54  SCV, Supply Depot  
  62  9:55  Battlecruiser  
  69  10:02  Supply Depot  
  69  10:05  SCV  
  69  10:08  Supply Depot  
  70  10:10  Supply Depot  
  70  10:11  SCV  
  71  10:22  SCV  
  71  10:28  SCV  
  73  10:33  Advanced Optics  
  73  10:34  Terran Vehicle and Ship Weapons Level 1  
  73  10:39  SCV  
  74  10:47  Battlecruiser x2  
  86  11:30  Battlecruiser  
  86  11:31  Battlecruiser  
  98  12:08  Orbital Command  
  98  12:13  Orbital Command  
  98  12:23  Battlecruiser  
  98  12:24  Battlecruiser  
  110  12:36  Terran Vehicle And Ship Armor Level 1  
  108  13:09  Battlecruiser  
  114  13:24  Supply Depot  
  114  13:27  Supply Depot  
  114  13:29  Supply Depot  
  114  13:31  Supply Depot  
  114  13:33  Supply Depot  
  114  13:35  Supply Depot  
  114  13:38  Supply Depot  
  114  13:48  Supply Depot x2  
  114  13:55  Supply Depot  
  114  13:56  Battlecruiser  
  120  14:13  Terran Vehicle and Ship Weapons Level 2  
  120  15:16  Battlecruiser x2  
  132  15:41  Medic  
  134  15:51  Medic  
  136  16:01  Medic  
  138  16:57  Battlecruiser  
  138  16:58  Battlecruiser  
  138  17:02  Terran Vehicle And Ship Armor Level 2  
  150  17:23  Afterburners  
  150  19:22  Battlecruiser x2  
  162  19:53  Medic  
  164  20:03  Medic  
  164  20:05  Battlecruiser x2  
Show
View Real Time Build Order
Export as new Build Order

NamroodTuo Terran 

Build Orders:  

Get SALT Encoding   

  12  0:03  SCV  
  13  0:20  SCV  
  14  0:35  Refinery  
  14  0:37  SCV  
  15  0:54  SCV  
  16  1:00  Engineering Bay  
  16  1:11  SCV  
  17  1:20  Refinery  
  17  1:28  SCV  
  18  1:45  SCV  
  19  2:02  SCV  
  20  2:19  SCV  
  21  2:36  SCV  
  22  2:42  ITC-E Triggers  
  22  2:52  SCV, Gunslingers Hideout  
  23  3:01  Tychus  
  23  3:09  SCV  
  24  3:26  SCV  
  25  3:43  SCV  
  26  4:00  SCV  
  27  4:12  Outlaw Weapons Level 1  
  27  4:17  SCV  
  28  4:34  SCV  
  29  4:51  SCV  
  30  5:01  James Sirius Sykes  
  30  5:08  SCV  
  41  5:25  SCV  
  42  5:42  SCV  
  43  6:11  Command Center  
  43  6:12  Flashforce GDM Visor  
  43  6:14  Auto-Turret  
  43  6:16  Auto-Turret  
  43  6:18  Refinery  
  43  6:24  Refinery  
  43  7:43  Crooked Sam  
  53  10:03  Endurance Supplements  
  53  10:14  Muscle Armory  
  53  10:18  SCV  
  54  10:35  SCV  
  54  10:39  Kel-Morian Ripper Rounds  
  55  10:45  SCV  
  56  10:51  SCV  
  57  11:08  SCV  
  58  11:25  SCV  
  59  11:33  Outlaw Life and Armor Level 1  
  59  11:42  Miles Blaze Lewis, SCV  
  70  12:14  Medivac Platform  
  70  12:17  SCV  
  71  12:34  SCV  
  42  12:50  SCV  
  53  13:07  SCV  
  54  13:22  Fixers Safehouse  
  54  13:24  SCV  
  55  13:33  Outlaw Weapons Level 2  
  55  13:47  Wildflame Fuel Additives  
  65  13:55  SCV  
  76  14:12  SCV  
  77  14:29  SCV  
  78  14:46  SCV  
  69  15:03  SCV  
  80  15:37  Kev Rattlesnake West  
  90  15:53  Outlaw Life and Armor Level 2  
  90  16:56  Procyon Shade Suit  
  90  16:57  Moebius Restraint Matrix  
  90  16:58  Vanadium Shell  
  90  17:49  Hades Oil  
  90  17:58  SA-55 Thunderbolt Missiles  
  90  18:13  Outlaw Weapons Level 3  
  90  19:22  LarsCorp G7 Charges  
  90  19:24  Moebius M34 Terror Rounds  
  90  19:28  Umojan Signal Modulator  
Tags
 
Commander
RaynorTychus
Matchup
Co-op
Replay Pack
Multiplayer
Add a new tag
Caveats
  • Supply blocks, unpowered buildings, or Contaminate may cause inaccurate times.
  • Supply counts are checked every 10 seconds.